 Dungeon Crawl Stone Soup version 0.24-a0-521-g122614bf49 (webtiles) character file.

Game seed: 12620578483408233467

61 Henning the Skirmisher (level 3, -1/33 HPs)
             Began as a Minotaur Fighter on July 30, 2019.
             Slain by a killer bee (3 damage)
             ... on level 2 of the Dungeon.
             The game lasted 00:01:40 (1077 turns).

Henning the Skirmisher (Minotaur Fighter)           Turns: 1077, Time: 00:01:42

Health: -1/33      AC:  9    Str: 20    XL:     3   Next: 83%
Magic:  2/2        EV:  6    Int:  5    God:
Gold:   17         SH:  9    Dex: 10    Spells: 2/2 levels left

rFire    . . .     SeeInvis .   a - +0 flail
rCold    . . .     Gourm    .   c - +0 shield
rNeg     . . .     Faith    .   h - +0 chain mail
rPois    .         Spirit   .   (helmet restricted)
rElec    .         Reflect  .   (no cloak)
rCorr    .         Harm     .   (no gloves)
MR       .....                  (no boots)
Stlth    ..........             (no amulet)
HPRegen  0.11/turn              (no ring)
MPRegen  0.08/turn              (no ring)

@: lethally poisoned (-1 -> -13)
A: retaliatory headbutt, horns 2
a: no special abilities


You were on level 2 of the Dungeon.
You were hungry.

You visited 1 branch of the dungeon, and saw 2 of its levels.

You collected 17 gold pieces.

Inventory:

Hand Weapons
 a - a +0 flail (weapon)
Armour
 c - a +0 shield (worn)
 h - a +0 chain mail (worn)
Jewellery
 g - an uncursed ring of fire {unknown}
Scrolls
 b - a scroll of identify {unknown}
 i - a scroll of immolation {unknown}
Potions
 d - a potion of might
Comestibles
 f - 2 rations


   Skills:
 + Level 4.2 Fighting
 + Level 3.1 Maces & Flails
 + Level 4.1 Armour
 + Level 1.4 Dodging
 + Level 4.1 Shields


You had 2 spell levels left.
You didn't know any spells.
Your spell library was empty.

Dungeon Overview and Level Annotations

Branches:
Dungeon (2/15)

Altars:


Innate Abilities, Weirdness & Mutations

You reflexively headbutt those who attack you in melee.
You have a pair of horns on your head.


Message History

The killer bee barely misses you. You block the killer bee's attack.
The killer bee barely misses you.
You closely miss the killer bee.
You feel sick.
The killer bee stings you but does no damage.
The killer bee barely misses you. You furiously retaliate!
You headbutt the killer bee, but do no damage.
You closely miss the killer bee. You headbutt the killer bee.
The killer bee is lightly wounded.
You feel sick. You block the killer bee's attack. x2
The killer bee stings you.
You completely miss the killer bee.
The killer bee is lightly wounded.
You feel sick. You block the killer bee's attack. x2
You hit the killer bee but do no damage.
The killer bee is lightly wounded.
* * * LOW HITPOINT WARNING * * *
You feel sick. The killer bee stings you!
* * * LOW HITPOINT WARNING * * *
You block the killer bee's attack. The killer bee stings you.
You die...

######.#...
#..@yK...#
#.####.#...
##.# #..#
#.##
##.######.
#.........
#.########
#.#


You could see a killer bee and a kobold.

Vanquished Creatures
  A worker ant (D:2)
  An adder (D:2)
  A worm (D:2)
  A leopard gecko (D:1)
  A giant cockroach (D:1)
  4 goblins (D:1)
  4 hobgoblins (D:1)
  A kobold (D:1)
  2 ball pythons
  3 bats (D:1)
  2 frilled lizards
  5 rats
26 creatures vanquished.

Vanquished Creatures (others)
  An adder (D:2)
  A jackal (D:2)
2 creatures vanquished.

Grand Total: 28 creatures vanquished

Notes
Turn   | Place    | Note
-------+----------+-------------------------------------------
     0 | D:1      | Henning the Minotaur Fighter began the quest for the Orb.
     0 | D:1      | Reached XP level 1. HP: 19/19 MP: 0/0
   426 | D:1      | Reached XP level 2. HP: 27/27 MP: 1/1
  1007 | D:2      | Reached skill level 1 in Dodging
  1047 | D:2      | Noticed a killer bee
  1050 | D:2      | Reached XP level 3. HP: 28/33 MP: 2/2
  1077 | D:2      | Slain by a killer bee

Levels and vault maps discovered:
D:1:      nicolae_arrival_somewhat_less_tricky_arrival, layout_basic,
          serial_glass, glass_columns_a, glass_columns_a
D:2:      minmay_spotlight, layout_loops_ring, kennysheep_slug_shrine,
          fiery_altar_vehumet, minmay_tetromino_s2

Skill      XL: |  1  2  3 |
---------------+----------+-----
Dodging        | 1 |  1.4
Fighting       | 4 |  4.2
Armour         | 4 |  4.1
Shields        | 4 |  4.1
Maces & Flails | 3 |  3.1

Action                   || total
-------------------------++-------
Melee: Flail             ||    88
       Headbutt          ||     9
  Use: Potion            ||     1
Armor: Scale mail        ||    14
       Chain mail        ||    29
Dodge: Dodged            ||    27
Block: Shield            ||    50

Table legend:
 A = Non-vault XP
 B = Vault XP
 C = Vault XP percentage of total XP
 D = Non-vault monster count
 E = Vault monster count
 F = Vault count percentage of total count
                 A         B        C        D         E       F
            +---------+---------+-------+---------+---------+-------
      Total |      49 |      39 |  44.3 |      21 |       5 |  19.2
            +---------+---------+-------+---------+---------+-------
        D:1 |      30 |       0 |   0.0 |      19 |       0 |   0.0
        D:2 |      19 |      39 |  67.2 |       2 |       5 |  71.4
            +---------+---------+-------+---------+---------+-------
